 Dungeon Crawl Stone Soup version 0.23.2-1-ga50397a (webtiles) character file.

Game seed: 12213311318638470904

56 Goblin1989 the Chiller (level 3, -7/24 HPs)
             Began as a Demonspawn Ice Elementalist on Apr 18, 2019.
             Mangled by a worm (11 damage)
             ... on level 2 of the Dungeon on Apr 19, 2019.
             The game lasted 00:05:08 (2329 turns).

Goblin1989 the Chiller (DsIE)                       Turns: 2329, Time: 00:05:09

Health: -7/24      AC:  2    Str:  8    XL:     3   Next: 71%
Magic:  1/7        EV: 12    Int: 17    God:
Gold:   49         SH:  4    Dex: 13    Spells: 4/7 levels left

rFire    . . .     SeeInvis .   h - +0 short sword
rCold    . . .     Gourm    .   (no shield)
rNeg     . . .     Faith    .   a - +0 robe
rPois    .         Spirit   .   (helmet restricted)
rElec    .         Reflect  .   (no cloak)
rCorr    .         Harm     .   (no gloves)
MR       .....                  (no boots)
Stlth    ++........             (no amulet)
HPRegen  0.08/turn              (no ring)
MPRegen  0.10/turn              (no ring)

@: very slightly contaminated
A: horns 1, large bone plates 1
a: no special abilities


You were on level 2 of the Dungeon.
You were hungry.

You visited 1 branch of the dungeon, and saw 2 of its levels.

You collected 49 gold pieces.

Inventory:

Hand Weapons
 h - a +0 short sword (weapon)
Armour
 a - a +0 robe (worn)
Scrolls
 g - 2 scrolls of amnesia {unknown}
 i - a scroll of teleportation {unknown}
 m - 3 scrolls of blinking {unknown}
Potions
 k - a potion of lignification {unknown}
 o - a potion of curing {unknown}
Comestibles
 e - 3 rations


   Skills:
 - Level 1.7 Dodging
 - Level 1.7 Stealth
 + Level 2.7 Spellcasting
 * Level 1.6 Conjurations
 * Level 3.6 Ice Magic


You had 4 spell levels left.
You knew the following spells:

 Your Spells              Type           Power        Failure   Level  Hunger
a - Freeze                Ice            ##..         4%          1    #......
b - Throw Frost           Conj/Ice       ##....       10%         2    ##.....

Your spell library contained the following spells:

 Spells                   Type           Power        Failure   Level  Hunger
 Ozocubu's Armour         Chrm/Ice       #.......     26%         3    ###....
 Throw Icicle             Conj/Ice       ##......     52%         4    #####..
 Summon Ice Beast         Ice/Summ       #.......     65%         4    #####..


Dungeon Overview and Level Annotations

Branches:
Dungeon (2/15)

Altars:
Hepliaklqana


Innate Abilities, Weirdness & Mutations

You have a pair of small horns on your head.
You are partially covered in large bone plates. (SH +4)


Message History

You don't have enough magic to cast that spell.
Unknown command.
Some of the chunks of flesh in your inventory have rotted away.
There is a stone staircase leading up here.
You climb upwards.
There is a stone staircase leading down here.
You start resting.
Some of the chunks of flesh in your inventory have rotted away.
Magic restored.
All of the chunks of flesh in your inventory have rotted away.
You are feeling hungry.
You regained 11 hp, and now have 15/24 hp.
MP restored: 7 You start resting.
HP restored.
Health restored: 24 You can't go down here!
Unknown command.
There is a stone staircase leading down here.
You climb downwards.
There is a stone staircase leading up here.
Unknown command.
The worm bites you!
You take 10 damage, and have 14/24 hp.
MASSIVE DAMAGE!!
Casting: Freeze (safe; 4% risk of failure)
Confirm with . or Enter, or press ? or * to list all spells.
Aiming: Freeze (safe; 4% risk of failure)
Press: ? - help, Shift-Dir - straight line, f - worm
Aim: a worm You freeze the worm.
The worm is moderately wounded.
You now have 6/7 mp.
Casting: Freeze (safe; 4% risk of failure)
Confirm with . or Enter, or press ? or * to list all spells.
Aiming: Freeze (safe; 4% risk of failure)
Press: ? - help, Shift-Dir - straight line, f/p - worm
Aim: a worm (moderately wounded)
You freeze the worm.
The worm is heavily wounded.
The worm bites you.
* * * LOW HITPOINT WARNING * * *
You take 6 damage, and have 8/24 hp.
MASSIVE DAMAGE!!
You now have 5/7 mp.
Casting: Freeze (safe; 4% risk of failure)
Confirm with . or Enter, or press ? or * to list all spells.
Aiming: Freeze (safe; 4% risk of failure)
Press: ? - help, Shift-Dir - straight line, f/p - worm
Aim: a worm (heavily wounded)
You freeze the worm.
The worm is heavily wounded.
You now have 4/7 mp.
Casting: Freeze (safe; 4% risk of failure)
Confirm with . or Enter, or press ? or * to list all spells.
Aiming: Freeze (safe; 4% risk of failure)
Press: ? - help, Shift-Dir - straight line, f/p - worm
Aim: a worm (heavily wounded)
You freeze the worm.
The worm is severely wounded.
You block the worm's attack.
You now have 3/7 mp.
Casting: Freeze (safe; 4% risk of failure)
Confirm with . or Enter, or press ? or * to list all spells.
Aiming: Freeze (safe; 4% risk of failure)
Press: ? - help, Shift-Dir - straight line, f/p - worm
Aim: a worm (severely wounded)
You miscast Freeze.
You are very lightly contaminated with residual magic.
You feel uncomfortably cold. The worm closely misses you.
You now have 2/7 mp.
Casting: Freeze (safe; 4% risk of failure)
Confirm with . or Enter, or press ? or * to list all spells.
Aiming: Freeze (safe; 4% risk of failure)
Press: ? - help, Shift-Dir - straight line, f/p - worm
Aim: a worm (heavily wounded)
You freeze the worm.
The worm is severely wounded.
You now have 1/7 mp.
Casting: Freeze (safe; 4% risk of failure)
Confirm with . or Enter, or press ? or * to list all spells.
Aiming: Freeze (safe; 4% risk of failure)
Press: ? - help, Shift-Dir - straight line, f/p - worm
Aim: a worm (severely wounded)
You freeze the worm.
The worm is almost dead.
The worm closely misses you.
You now have 0/7 mp.
Casting: Freeze (safe; 4% risk of failure)
Confirm with . or Enter, or press ? or * to list all spells.
You don't have enough magic to cast that spell.
Unknown command.
You hit the worm but do no damage.
The worm is almost dead.
You hit the worm.
The worm is almost dead.
The worm bites you.
* * * LOW HITPOINT WARNING * * *
You take 5 damage, and have 4/24 hp.
MASSIVE DAMAGE!!
You hit the worm but do no damage.
The worm is almost dead.
The worm bites you!
You die... █.██ ██.██ █÷██ ██. ████

█...█ ████.██ ██.. ..█
█...██████...... ..... █.█
█..........█████ █...█
█.████...█████.....█
█....██............█..█..██
█......................██
█..█...█...@w......w█.)█..█⌂
█.......<████...█████.....██
.......███ █.............██
█.██... █.÷.████████..█
...█. █...█ ██.██ █.█....
███...███ █... █ █.
...███.....).█ ███. .
..█...........█ █. ..
........(.....█ █.


You could see a worm.

Vanquished Creatures
  An adder (D:2)
  An ooze (D:2)
  A dart slug (D:1)
  2 leopard geckos (D:1)
  6 bats
  2 giant cockroaches
  3 goblins
  4 hobgoblins
  6 jackals (D:2)
  A ball python (D:1)
  11 frilled lizards (D:1)
  A rat (D:1)
39 creatures vanquished.

Vanquished Creatures (others)
  A plant (D:1)
1 creature vanquished.

Grand Total: 40 creatures vanquished

Notes
Turn   | Place    | Note
-------+----------+-------------------------------------------
     0 | D:1      | Goblin1989 the Demonspawn Ice Elementalist began the quest
                  | for the Orb.
     0 | D:1      | Reached XP level 1. HP: 13/13 MP: 3/3
   242 | D:1      | Reached skill level 3 in Ice Magic
   297 | D:1      | Gained mutation: You have a pair of small horns on your
                  | head. [demonic ancestry]
   297 | D:1      | Reached XP level 2. HP: 19/19 MP: 5/5
  1428 | D:1      | Gained mutation: You are partially covered in large bone
                  | plates. (SH +4) [demonic ancestry]
  1428 | D:1      | Reached XP level 3. HP: 23/24 MP: 4/6
  1432 | D:1      | Learned a level 2 spell: Throw Frost
  1764 | D:2      | Found a hazy altar of Hepliaklqana.
  2329 | D:2      | Mangled by a worm

Skill      XL: |  1 |
---------------+----+-----
Ice Magic      | 3 |  3.6
Dodging        | |  1.7
Stealth        | |  1.7
Spellcasting   | |  2.7
Conjurations   | |  1.6

Action                   || total
-------------------------++-------
Melee: Short sword       ||    40
       Unarmed           ||     1
       Headbutt          ||     1
 Cast: Freeze            ||    64
 Stab: Sleeping          ||     7
  Eat: Chunk             ||     4
Armor: Robe              ||    11
Dodge: Dodged            ||    39
Block: Other             ||     7

Levels and vault maps discovered:
D:1:      wander_arrival_desolate, layout_basic, minmay_lizard_king
D:2:      layout_loops_cross, yredelemnul_forgotten_temple_becter,
          nicolae_overflow_hidden_temple
